 Dungeon Crawl Stone Soup version 0.30-a0-568-g124715a40b (webtiles) character file.

Game seed: 555507415624134172

13 sokol815 the Sneak (level 2, -7/19 HPs)
             Began as a Kobold Delver on Dec 28, 2022.
             Killed from afar by an orc wizard (10 damage)
             ... with a puff of flame
             ... on level 5 of the Dungeon.
             The game lasted 00:00:22 (63 turns).

sokol815 the Sneak (Kobold Delver)                    Turns: 63, Time: 00:00:22

Health: -7/19      AC:  3    Str:  9    XL:     2   Next: 50%
Magic:  2/2        EV: 14    Int: 11    God:
Gold:   0          SH:  0    Dex: 16    Spells: 1/1 levels left

rFire   . . .      SeeInvis .    a - +0 short sword
rCold   . . .      Faith    .    (no shield)
rNeg    . . .      Spirit   .    b - +0 leather armour
rPois   .          Reflect  .    (no helmet)
rElec   .          Harm     .    (no cloak)
rCorr   .          Rampage  .    (no gloves)
Will    .....                    (no boots)
Stlth   ++++                     (no amulet)
HPRegen 0.23/turn                (no ring)
MPRegen 0.08/turn                (no ring)

@: hasted, very quick
A: small, no large weapons, nightstalker 3
a: no special abilities


You were on level 5 of the Dungeon.
You visited 1 branch of the dungeon, and saw 1 of its levels.

Inventory:

Hand Weapons
 a - a +0 short sword (weapon)
Armour
 b - a +0 leather armour (worn)
Wands
 d - a wand of digging (3)
Scrolls
 c - a scroll of fog
 E - a scroll of fear
 X - a scroll of magic mapping {@r4!r}


   Skills:
 - Level 3.2 Fighting
 + Level 4.0 Short Blades
 - Level 2.4 Dodging
 - Level 6.6 Stealth


You had one spell level left.
You didn't know any spells.
Your spell library was empty.

Dungeon Overview and Level Annotations

Branches:
Dungeon (5/15) Zot: 5948
 Temple: D:4-7

Altars:


Innate Abilities, Weirdness & Mutations

You are small and have problems with some larger weapons.
You are completely attuned to the shadows.


Message History

Bad channel name for runrest: 'Jiyva says: Divide and consume' Welcome, sokol815 the Kobold Delver.
Are you destined to find the transcendent Orb of Zot, or to die trying?
Found a stone staircase leading down.
An adder comes into view.
The helpless adder fails to defend itself.
You impale the adder!!
You kill the adder!
Your Short Blades skill increases to level 3!
You have reached level 2!
Health restored: 19; MP restored: 2 An orc wizard and an orc come into view.
The orc shouts!
You hear a shout! x2
An orc comes into view. It is wielding a +2 whip of pain.
The orc wizard shouts!
The orc hits you with a +0 falchion.
You take 3 damage, and have 16/19 hp.
You closely miss the orc. The orc completely misses you.
An orc comes into view. It is wielding a +0 hand axe.
You closely miss the orc. The orc hits you with a +0 falchion.
The orc wizard casts a spell.
The orc wizard flickers and vanishes!
Deactivating autopickup; reactivate with Ctrl-A.
The orc shouts!
You take 5 damage, and have 11/19 hp.
MASSIVE DAMAGE!!
You feel yourself speed up.
The orc shouts!
The orc barely misses you.
You hit the orc. You hit the orc.
You kill the orc!
You closely miss something. You barely miss the orc. You barely miss the orc.
You punch the orc. You barely miss the orc. You hit the orc.
You kill the orc!
You hear some strange, mumbled words.
A puff of flame appears from out of thin air!
The puff of flame misses you.
Your Short Blades skill increases to level 4!
An orc comes into view. It is wielding a +2 whip of venom.
The orc shouts!
Items here: )) [ ††.
You hit something but do no damage.
You hear some strange, mumbled words.
A magic dart appears from out of thin air!
The magic dart hits you!
* * * LOW HITPOINT WARNING * * *
You take 9 damage, and have 4/19 hp.
MASSIVE DAMAGE!!
You miss something. Something hits you.
* * * LOW HITPOINT WARNING * * *
You take 2 damage, and have 2/19 hp.
You barely miss something. You hit something but do no damage.
You hear some strange, mumbled words.
Something tries to affect you, but you resist.
You miss something. You closely miss something.
You hear some strange, mumbled words.
A puff of flame appears from out of thin air!
The puff of flame misses you.
You miss something. You barely miss something. Something hits you.
* * * LOW HITPOINT WARNING * * *
You barely miss something. You hit something.
Something hits you but does no damage.
You closely miss something.
You aren't carrying any potions.
You hit something but do no damage. Something barely misses you.
You miss something. You miss something. Something hits you but does no damage.
You closely miss something.
A puff of flame appears from out of thin air!
The puff of flame hits you!
Ouch! That really hurt!
You die...

#######....
#..........
###.##..#...
...........
#.#.#######
#...{.o.o.#
###.#####... #.#
##.# .. #.#
####@.#### . #.#
##.....†...
.###.###..#.######
....>....##.#
####...####.#
#.#.# #.# #.#.#
#.#.# ..#.#


There were no monsters in sight!

Vanquished Creatures
  An adder (D:5)
  2 orcs (D:5)
3 creatures vanquished.

Notes
Turn   | Place    | Note
-------+----------+-------------------------------------------
     0 | D:5      | sokol815 the Kobold Delver began the quest for the Orb.
     0 | D:5      | Reached XP level 1. HP: 14/14 MP: 1/1
    15 | D:5      | Reached skill level 3 in Short Blades
    15 | D:5      | Reached XP level 2. HP: 19/19 MP: 2/2
    43 | D:5      | Reached skill level 4 in Short Blades
    44 | D:5      | HP: 4/19 [something/magic dart (9)]
    51 | D:5      | HP: 2/19 [something (1)]
    63 | D:5      | Killed from afar by an orc wizard

Illustrated notes

Levels and vault maps discovered:
D:5:      cheibrodos_two_vegetables, layout_basic, nicolae_ashenzari_skybound,
          chequers_temple_overflow_statue_of_worship, minmay_temple_entry_trees,
          amcnicky_mini_pool_medium, uniq_grinder

Skill      XL: |  1  2 |
---------------+-------+-----
Short Blades   | 3 4 |  4.0
Fighting       | |  3.2
Dodging        | |  2.4
Stealth        | |  6.6

Action                   || total
-------------------------++-------
Melee: Short sword       ||    25
       Punch             ||     1
  Use: Potion            ||     1
 Stab: Sleeping          ||     1
Armor: Leather armour    ||     2
Dodge: Dodged            ||     5

Table legend: (Time is in decaauts)
 A = Elapsed time spent in this place.
 B = Non-inter-level travel time spent in this place.
 C = Inter-level travel time spent in this place.
 D = Time resting spent in this place.
 E = Time spent auto-exploring this place.
 F = Levels seen in this place.
 G = Mean time per level.
                   A        B        C        D        E       F      G
               +--------+--------+--------+--------+--------+-----+--------+
         Total |     50 |     50 |      0 |      0 |     23 |   1 |   50.0 |
       Dungeon |     50 |     50 |      0 |      0 |     23 |   1 |   50.0 |
               +--------+--------+--------+--------+--------+-----+--------+

Top non-repeatable levels by time:
     D:5: 50 daAuts

Table legend:
 A = Kills in this place as a percentage of kills in entire the game.
 B = Kills by you in this place as a percentage of kills by you in the entire game.
 C = Kills by friends in this place as a percentage of kills by friends in the entire game.
 D = Other kills in this place as a percentage of other kills in the entire game.
 E = Experience gained in this place as a percentage of experience gained in the entire game.
 F = Experience gained in this place divided by the number of levels of this place that you have seen.
                   A       B       C       D       E      F
               +-------+-------+-------+-------+-------+----------------------
         Total | 100.0 | 100.0 |   N/A |   N/A | 100.0 |  19.0
       Dungeon | 100.0 | 100.0 |   N/A |   N/A | 100.0 |  19.0
               +-------+-------+-------+-------+-------+----------------------
